 Dungeon Crawl Stone Soup version 0.28.0 (webtiles) character file.

Game seed: 13979242575999516526

4 PublicAnimeNo1 the Sneak (level 1, 0/14 HPs)
             Began as a Kobold Delver on Feb 14, 2022.
             Slain by a black bear (5 damage)
             ... on level 5 of the Dungeon.
             The game lasted 00:01:58 (452 turns).

PublicAnimeNo1 the Sneak (Kobold Delver)             Turns: 452, Time: 00:01:58

Health: 0/14       AC:  3    Str:  9    XL:     1   Next: 66%
Magic:  1/1        EV: 14    Int: 11    God:
Gold:   58         SH:  0    Dex: 16    Spells: 0/0 levels left

rFire   . . .      SeeInvis .   a - +0 short sword
rCold   . . .      Faith    .   (no shield)
rNeg    . . .      Spirit   .   b - +0 leather armour
rPois   .          Reflect  .   (no helmet)
rElec   .          Harm     .   (no cloak)
rCorr   .          Rampage  .   (no gloves)
Will    .....                   (no boots)
Stlth   ++++......              (no amulet)
HPRegen 0.04/turn               (no ring)
MPRegen 0.07/turn               (no ring)

@: no status effects
A: small, no large weapons, nightstalker 3
a: no special abilities


You were on level 5 of the Dungeon.
You visited 1 branch of the dungeon, and saw 2 of its levels.

You collected 58 gold pieces.

Inventory:

Hand Weapons
 a - a +0 short sword (weapon)
 i - a +0 dagger
Armour
 b - a +0 leather armour (worn)
Wands
 g - a wand of digging (3)
 j - a wand of charming (6)
Scrolls
 c - a scroll of fog
 d - a scroll of magic mapping
 e - a scroll of fear
Potions
 f - a potion of haste
 h - a potion of mutation {unknown}


   Skills:
 + Level 3.3 Fighting
 * Level 2.9 Short Blades
 + Level 2.5 Dodging
 + Level 6.6 Stealth


You couldn't memorise any spells.
You didn't know any spells.
Your spell library was empty.

Dungeon Overview and Level Annotations

Branches:
Dungeon (5/15)
 Temple: D:4-7

Altars:

Annotations:
D:5 exclusions: 3 iguanas and upstairs, Menkaure, Prince Ribbit


Innate Abilities, Weirdness & Mutations

You are small and have problems with some larger weapons.
You are completely attuned to the shadows.


Message History

There is an open door here.
You now have 58 gold pieces (gained 6).
You see here 23 stones.
You open the door.
There is an open door here. 2 iguanas come into view.
Unknown command.
Found a scroll labelled LUGOG USUNWEL.
Press: ? - help, . - travel You can't see that place. [the floor.] Placed new exclusion.
You open the door.
There is an open door here.
An iguana comes into view.
There is an open door here.
Press: ? - help, . - travel You can't see that place. [the floor.] Placed new exclusion.
A black bear comes into view.
The helpless black bear fails to defend itself.
You impale the black bear!!
The black bear is severely wounded.
The black bear closely misses you. The black bear claws you. x2
You are too injured to fight recklessly!
You are too injured to fight recklessly!
You are too injured to fight recklessly!
You are too injured to fight recklessly!
Okay, then.
You hit the black bear.
The black bear is severely wounded.
The black bear goes berserk!
You hit the black bear.
The black bear is almost dead.
The black bear bites you. The black bear closely misses you. x2
You hit the black bear.
The black bear is almost dead.
The black bear barely misses you. x2; The black bear claws you.
You die...

# ##.... ####.....
.?.'..... ##.#....l
#.##.... .. #.#
#... #.# # ##.# #..
#.#.# ...# #+#
#.###.#.# #### #.#
#..h@...# #.#
#####.### ##.## #.#
#######...## #.#
.......(.(.# #.#
..........## #.#
.......#.########.#
..................#
.......#.##########


You could see a black bear (berserk).

Vanquished Creatures
  2 orcs (D:5)
2 creatures vanquished.

Notes
Turn   | Place    | Note
-------+----------+-------------------------------------------
     0 | D:5      | PublicAnimeNo1 the Kobold Delver began the quest for the
                  | Orb.
     0 | D:5      | Reached XP level 1. HP: 14/14 MP: 1/1
    87 | D:5      | Noticed Menkaure
   105 | D:5      | Noticed a water moccasin zombie
   189 | D:4      | Noticed an orc warrior
   189 | D:4      | Noticed an orc wizard
   190 | D:4      | Noticed an orc priest
   289 | D:5      | Noticed Prince Ribbit
   383 | D:5      | Noticed an iguana
   383 | D:5      | Noticed an iguana
   410 | D:5      | Noticed an iguana
   447 | D:5      | Noticed a black bear
   452 | D:5      | Slain by a black bear

Illustrated notes

Levels and vault maps discovered:
D:4:      layout_basic, minmay_temple_entry_tees, gammafunk_ghost_mausoleum,
          minivault_23
D:5:      layout_loops_corners, nrook_mini_vaults, uniq_prince_ribbit1,
          uniq_menkaure

Action                   || total
-------------------------++-------
Melee: Short sword       ||     8
 Stab: Sleeping          ||     2
Dodge: Dodged            ||     6
